 Dungeon Crawl Stone Soup version 0.27.1-37-g7b29ead8ac (console) character file.

Game seed: 1359885648173111749

31689 grimtooth the Fighter (level 13, -9/103 (115) HPs)
             Began as a Palentonga Abyssal Knight on Nov 13, 2023.
             Was a High Priest of Lugonu.
             Mangled by a death scarab (17 damage)
             ... in a Gauntlet on Nov 14, 2023.
             The game lasted 01:59:08 (25806 turns).

grimtooth the Fighter (Palentonga Abyssal Knight)  Turns: 25806, Time: 01:59:08

HP:   -9/103 (115)  AC: 17    Str: 19    XL:     13   Next: 27%
MP:   21/22         EV: 11    Int: 14    God:    Lugonu [*****.]
Gold: 1246          SH:  6    Dex: 16    Spells: 12/12 levels left

rFire    . . .     SeeInvis +   b - +4 spear (distort)
rCold    . . .     Faith    .   F - +0 buckler
rNeg     . . .     Spirit   .   s - +0 troll leather armour
rPois    .         Reflect  .   l - +0 helmet
rElec    .         Harm     .   R - scarf {+Inv}
rCorr    .         Rampage  .   (no gloves)
Will     .....     NoTele   +   (no barding)
Stlth    +.........             (no amulet)
HPRegen  1.27/turn              v - +4 ring of protection
MPRegen  0.18/turn              O - +6 ring of dexterity

@: very slightly contaminated, hasted and slowed, heavily drained, curled up
A: large, rugged brown scales 3, see invisible, deformed body, roll 1, armoured
tail, reflexive curl
a: Rolling Charge, Renounce Religion, Evoke Invisibility, Depart the Abyss, Bend
Space, Banish, Corrupt, Enter the Abyss


You were in a Gauntlet.
You worshipped Lugonu.
Lugonu was extremely pleased with you.
You visited 2 branches of the dungeon, and saw 15 of its levels.
You visited the Abyss 1 time.
You also visited: Gauntlet.

You collected 1246 gold pieces.

Inventory:

Hand Weapons
 a - a +3 war axe of freezing
 b - a +4 spear of distortion (weapon)
Missiles
 u - 27 poisoned darts (quivered)
 G - 6 boomerangs
Armour
 l - a +0 helmet (worn)
 s - a +0 troll leather armour (worn)
 F - a +0 buckler (worn)
 R - a scarf of invisibility (worn)
 W - +0 acid dragon scales
Jewellery
 c - a ring of positive energy
 g - a ring of protection from cold
 i - the ring "Xiypp" {Will++ Str+3 Dex+6 SInv Stlth+}
   (You found it in a Gauntlet)

   [ring of dexterity]

   Str:       It affects your strength (+3).
   Dex:       It affects your dexterity (+6).
   SInv:      It lets you see invisible.
   Will:      It greatly increases your willpower.
   Stlth:     It makes you more stealthy.
 v - a +4 ring of protection (left hand)
 O - a +6 ring of dexterity (right hand)
Wands
 n - a wand of digging (4)
 o - a wand of flame (24)
 B - a wand of acid (1)
 E - a wand of mindburst (18)
 N - a wand of polymorph (4)
 Y - a wand of iceblast (8)
Scrolls
 d - a scroll of acquirement {unknown}
 f - 3 scrolls of magic mapping
 h - 3 scrolls of fog
 r - a scroll of summoning
 z - 2 scrolls of torment {unknown}
 C - 2 scrolls of fear {unknown}
 H - 5 scrolls of teleportation
 I - 4 scrolls of enchant weapon {unknown}
 J - a scroll of brand weapon {unknown}
 L - 2 scrolls of amnesia {unknown}
 M - a scroll of silence {unknown}
 S - 3 scrolls of enchant armour {unknown}
Potions
 e - 2 potions of degeneration {unknown}
 j - 3 potions of cancellation
 m - 2 potions of might
 p - 2 potions of resistance
 q - 3 potions of ambrosia {unknown}
 w - 2 potions of brilliance {unknown}
 A - 4 potions of flight
 Q - 5 potions of curing
Miscellaneous
 x - a lightning rod (4/4)
 U - a phial of floods


   Skills:
 - Level 12.0 Fighting
 - Level 9.0(10.2) Axes
 - Level 7.2(9.0) Polearms
 + Level 3.3 Armour
 * Level 4.3 Dodging
 - Level 6.0 Shields
 - Level 12.0 Invocations
 - Level 6.0 Evocations


You had 12 spell levels left.
You didn't know any spells.
Your spell library contained the following spells:

 Spells                   Type           Power      Damage    Failure   Level
 Foxfire                  Conj/Fire      0%         2x1d4     32%         1
 Freeze                   Ice            0%         1d3       32%         1
 Magic Dart               Conj           0%         1d3       32%         1
 Sting                    Tmut/Pois      0%         1d3       32%         1
 Call Imp                 Summ           0%         N/A       45%         2
 Poisonous Vapours        Pois/Air       0%         N/A       45%         2
 Searing Ray              Conj           0%         3d3       45%         2
 Slow                     Hex            0%         N/A       45%         2
 Confusing Touch          Hex            0%         N/A       69%         3
 Conjure Flame            Conj/Fire      0%         6-21      69%         3
 Dazzling Flash           Conj/Hex       0%         N/A       69%         3
 Frozen Ramparts          Ice            0%         1d2       69%         3
 Gell's Gravitas          Tloc           0%         N/A       69%         3
 Ignite Poison            Fire/Tmut/Pois 0%         N/A       69%         3
 Inner Flame              Hex/Fire       0%         N/A       69%         3
 Lesser Beckoning         Tloc           0%         N/A       69%         3
 Mephitic Cloud           Conj/Pois/Air  0%         N/A       69%         3
 Teleport Other           Tloc           0%         N/A       69%         3
 Vampiric Draining        Necr           0%         2d6       69%         3
 Fulminant Prism          Conj/Hex       0%         3d6       97%         4
 Hailstorm                Conj/Ice       0%         3d3       97%         4
 Olgreb's Toxic Radiance  Pois           0%         N/A       97%         4
 Petrify                  Tmut/Erth      0%         N/A       97%         4
 Sticky Flame             Conj/Fire      0%         2d3       97%         4
 Bolt of Magma            Conj/Fire/Erth 0%         4d4       100%        5
 Statue Form              Tmut/Erth      0%         N/A       100%        6


Dungeon Overview and Level Annotations

Branches:
Dungeon (12/15)            Temple (0/1) D:5            Lair (3/6) D:9
 Shoals (0/4) Lair:2       Spider (0/4) Lair:3          Orc (0/2) D:12
Gauntlet (1/1)

Altars:
Cheibriados
Nemelex Xobeh
Qazlal
Trog
Uskayaw
Vehumet
Beogh

Portals:
Trove: D:10 (show abyssal rune of Zot)

Annotations:
D:7 2 runed translucent doors, tkbsonic5's ghost, novice MiGl
D:8 2 transporters
D:12 2 transporters, grimtooth's ghost, journeyman DEAE
Lair:3 Gastronok Gauntlet 11 transporters, 23 runed translucent doors


Innate Abilities, Weirdness & Mutations

You are completely covered in rugged brown scales. (AC +3, +7% HP)
You have supernaturally acute eyesight. (SInv)
Armour fits poorly on your strangely shaped body.
You can roll at nearby foes to attack.
You have a long armoured tail.
You curl defensively after being hit.


Message History

The spectral komodo dragon bites you! Space bends around you!
You blink.
Okay, then.
Press: ? - help, v - describe, . - travel
Here: a death scarab (moderately damaged)
An open translucent gate.
Unknown command.
Okay, then.
Okay, then.
As you read the scroll labelled ZOYMMOVIOV, it crumbles to dust.
The scroll dissolves into smoke.
It was a scroll of fog.
You flicker back into view.
Aiming: Corrosive Bolt
Press: ? - help, Shift-Dir - straight line, f/p - spectral komodo dragon
Aim: a spectral komodo dragon (blue smoke, lightly damaged, 98% to hit)
The bolt of acid hits the spectral komodo dragon!
The spectral komodo dragon is splashed with acid.
The acid corrodes the spectral komodo dragon!
The spectral komodo dragon is heavily damaged.
The bolt of acid hits the spectral komodo dragon!
The spectral komodo dragon is splashed with acid.
The acid corrodes the spectral komodo dragon!
The spectral komodo dragon is heavily damaged.
The spectral komodo dragon bites you!
The spectral komodo dragon bites you but does no damage.
You feel yourself speed up. The death scarab closely misses you.
The death scarab bites you!!
* * * LOW HITPOINT WARNING * * *
The death scarab drains your vigour!
You feel as though you will be slow longer.
The death scarab draws strength from your injuries!
The spectral komodo dragon bites you but does no damage. x2
You block the spectral komodo dragon's attack.
Space bends around you!
You blink.
The death scarab bites you!!
* * * LOW HITPOINT WARNING * * *
The death scarab draws strength from your injuries!
The death scarab bites you!
You die...

....§§§...........≈
....8.....8.....8.##
###...............≈# ..
...#...#########...## #.#
..#...#..#....#...≈#
...##B#####..#.##.#...##
.#!#.....#.#...###§.##.#...≈#
.#©...©....#©8©#©.§§..©#©8§##
.#=#.....#.#...###Z#####...≈#
.#)##...##.#####§BZZ§§B#...##
.#..##.##.s#...#@§B§§§.#...§#
.#........s#...#########...##
.###########...............≈#
.............8.....8.....8.##
8.....8.....................##
..............###########...≈#
..#########...#...2h....#...##
..###..J###...#.##^..##.#.∩.≈#
..###...#######$#.#.#.#.#...##
..##[+##..#...#..##.##..#...≈#
8.#©!#©#..#©.©#©.#.©.#..#©8.##


You could see a hell beast, an entropy weaver, a spectral komodo dragon
(corroded), a spectral black mamba, a jumping spider, 2 death scarabs, a hell
hound and a redback.

Vanquished Creatures
  2 boulder beetles (D:11)
  3 hydras
  2 centaur warriors
  2 two-headed ogres
  An ugly thing (D:12)
  A cyclops (D:11)
  A manticore (Lair:2)
  2 black mambas
  Maurice (D:9)
  8 cane toads
  An unseen horror (D:12)
  5 komodo dragons
  A rime drake (Lair:2)
  2 hornets (D:9)
  2 trolls
  A wind drake (Lair:2)
  Sigmund (D:3)
  A shadow (D:11)
  A vampire (D:12)
  A wyvern (Lair:3)
  Eustachio (D:4)
  A wraith (D:9)
  A basilisk (Lair:2)
  36 yaks
  A steam dragon (D:8)
  3 vampire mosquitoes (D:12)
  Edmund (D:5)
  4 water moccasins
  An acid dragon (D:11)
  2 sky beasts (D:6)
  10 orc warriors
  An ice beast (D:8)
  2 black bears
  A necrophage (D:8)
  3 ogres
  2 wolves (Lair:1)
  3 centaurs
  A phantom (D:5)
  4 kobold brigands
  9 bullfrogs
  2 gnoll sergeants
  4 scorpions
  A water moccasin skeleton (D:4)
  A wyvern skeleton (D:7)
  A killer bee (D:8)
  13 wights
  A howler monkey (D:8)
  2 electric eels
  5 centaur zombies
  4 hounds
  3 jellies
  A gnoll shaman (D:8)
  4 orc priests
  A centaur skeleton (D:7)
  7 iguanas
  Ijyb (D:5)
  9 orc wizards
  A killer bee zombie (D:8)
  3 hound skeletons
  Robin (D:2)
  A howler monkey skeleton (D:7)
  2 howler monkey zombies
  14 gnolls
  6 adders
  3 worms
  A dart slug (D:3)
  54 orcs
  11 ball pythons
  3 bats
  14 endoplasms
  4 giant cockroaches
  20 goblins
  8 hobgoblins
  8 jackals
  3 quokkas
  14 frilled lizards
  25 kobolds
  7 rats
389 creatures vanquished.

Vanquished Creatures (others)
  A vampire (D:12)
  An orc (D:10)
  23 bushes (D:6)
  12 fungi
  92 plants
  10 toadstools (D:2)
139 creatures vanquished.

Grand Total: 528 creatures vanquished

Notes
Turn   | Place    | Note
-------+----------+-------------------------------------------
     0 | Abyss:1  | grimtooth the Palentonga Abyssal Knight began the quest for
                  | the Orb.
     0 | Abyss:1  | Reached XP level 1. HP: 19/19 MP: 2/2
    66 | Abyss:1  | Noticed an ancient zyme
    82 | Abyss:1  | Noticed a hell knight
    82 | Abyss:1  | Noticed a starcursed mass
    83 | D:1      | Escaped the Abyss
   369 | D:1      | Reached XP level 2. HP: 22/25 MP: 3/3
   459 | D:1      | Reached * piety under Lugonu
   725 | D:1      | Found a faded altar of an unknown god.
  1198 | D:2      | Reached XP level 3. HP: 31/31 MP: 4/4
  1725 | D:2      | Reached ** piety under Lugonu
  1882 | D:2      | Noticed Robin
  1904 | D:2      | Killed Robin
  2017 | D:2      | Reached XP level 4. HP: 37/37 MP: 6/6
  2705 | D:2      | Reached XP level 5. HP: 43/43 MP: 7/7
  3102 | D:3      | Noticed Sigmund
  3318 | D:3      | Reached skill level 5 in Axes
  3423 | D:4      | Reached *** piety under Lugonu
  3441 | D:4      | Noticed Eustachio
  3670 | D:4      | Killed Eustachio
  3671 | D:4      | Reached XP level 6. HP: 42/50 MP: 9/9
  3763 | D:4      | HP: 2/50 [ogre (35)]
  3766 | D:4      | - damn
  4185 | D:4      | Reached skill level 5 in Invocations
  4340 | D:4      | Gained mutation: You curl defensively after being hit.
                  | [Palentonga growth]
  4340 | D:4      | Reached XP level 7. HP: 35/55 MP: 8/11
  4452 | D:4      | HP: 1/55 [iguana (10)]
  4454 | D:4      | - you gotta be kidding me
  5601 | D:5      | Entered Level 5 of the Dungeon
  5690 | D:5      | Reached skill level 5 in Fighting
  5700 | D:5      | Reached **** piety under Lugonu
  5710 | D:5      | Reached XP level 8. HP: 33/66 MP: 12/12
  5937 | D:4      | - oops
  7211 | D:5      | Noticed Edmund
  7247 | D:5      | Killed Edmund
  7632 | D:5      | Reached XP level 9. HP: 74/75 MP: 13/13
  7836 | D:5      | Found a staircase to the Ecumenical Temple.
  7854 | D:5      | Found a stormy altar of Qazlal.
  7863 | D:5      | Noticed Ijyb
  7872 | D:5      | Killed Ijyb
 11563 | D:6      | Reached skill level 1 in Polearms
 12066 | D:7      | Found a sparkling altar of Nemelex Xobeh.
 12202 | D:7      | Found a large runed translucent door.
 12297 | D:7      | Found a large runed translucent door.
 12298 | D:7      | Noticed tkbsonic5's ghost (novice MiGl)
 12657 | D:8      | Reached XP level 10. HP: 83/86 MP: 16/16
 13062 | D:8      | Noticed a two-headed ogre
 13203 | D:8      | Found a bloodstained altar of Trog.
 13879 | D:8      | Identified the +7 spear of Karma {chaos, rPois rF- Will+}
 14291 | D:3      | Killed Sigmund
 15189 | D:8      | Found a transporter.
 15194 | D:8      | Found a transporter.
 15235 | D:8      | Reached skill level 5 in Polearms
 15300 | D:8      | Identified the ring "Qogass" {rElec rPois}
 15386 | D:8      | Paralysed by a hornet for 3 turns
 16199 | D:8      | Killed a two-headed ogre
 16847 | D:9      | Paralysed by a hornet for 1 turns
 16855 | D:9      | Paralysed by a hornet for 1 turns
 16873 | D:9      | Reached XP level 11. HP: 26/95 MP: 15/18
 17206 | D:9      | Found a staircase to the Lair.
 17376 | D:9      | Noticed Maurice
 17391 | D:9      | Killed Maurice
 17438 | D:9      | Noticed a two-headed ogre
 17459 | D:9      | Banished a two-headed ogre
 17460 | D:9      | Reached skill level 10 in Fighting
 17633 | D:9      | Reached ***** piety under Lugonu
 17634 | D:9      | Reached skill level 10 in Invocations
 18290 | D:10     | Entered Level 10 of the Dungeon
 18295 | D:10     | Noticed a centaur warrior
 18295 | D:10     | Noticed a two-headed ogre
 18458 | D:10     | Noticed a two-headed ogre
 18464 | D:10     | Killed a two-headed ogre
 19155 | D:10     | Found a portal to a secret trove of treasure.
 19313 | D:10     | Noticed a death yak
 19330 | D:10     | Banished a death yak
 19496 | D:10     | Killed a centaur warrior
 19857 | D:10     | Banished a two-headed ogre
 19858 | D:10     | Reached skill level 1 in Shields
 20103 | D:10     | Found a snail-covered altar of Cheibriados.
 20112 | D:10     | Found a hide-covered altar of Uskayaw.
 20298 | D:11     | Reached XP level 12. HP: 103/109 MP: 20/20
 20743 | D:11     | Got Sif Muna's Almanac of Enthralling Clay
 20778 | D:11     | Noticed a boulder beetle
 20785 | D:11     | Killed a boulder beetle
 21152 | D:11     | Found a radiant altar of Vehumet.
 21168 | D:11     | Noticed a boulder beetle
 21174 | D:11     | Killed a boulder beetle
 21861 | D:12     | Found a staircase to the Orcish Mines.
 21946 | D:12     | Reached skill level 5 in Shields
 21973 | D:12     | Noticed a four-headed hydra
 21975 | D:12     | Found a transporter.
 21975 | D:12     | Noticed grimtooth's ghost (journeyman DEAE)
 21979 | D:12     | Killed a four-headed hydra
 22051 | D:12     | Found a transporter.
 22069 | D:12     | Noticed a seven-headed hydra
 22110 | D:12     | Noticed a catoblepas
 22112 | D:12     | Noticed a four-headed hydra
 22376 | D:12     | Noticed a centaur warrior
 22395 | D:12     | Killed a centaur warrior
 22851 | Lair:1   | Entered Level 1 of the Lair of Beasts
 23161 | Lair:1   | Noticed a four-headed hydra
 23189 | Lair:1   | Killed a four-headed hydra
 23618 | Lair:1   | Reached skill level 5 in Evocations
 24126 | Lair:2   | Reached skill level 1 in Dodging
 24204 | Lair:2   | Reached XP level 13. HP: 28/115 MP: 20/22
 24646 | Lair:2   | Found a staircase to the Shoals.
 25364 | Lair:3   | Found a hole to the Spider Nest.
 25473 | Lair:3   | Found a gate leading to a gauntlet.
 25515 | Lair:3   | Noticed Gastronok
 25606 | Gauntlet | Entered a Gauntlet
 25606 | Gauntlet | Found a transporter.
 25608 | Gauntlet | Found a runed translucent gate.
 25609 | Gauntlet | Found a transporter.
 25609 | Gauntlet | Found a runed translucent gate.
 25610 | Gauntlet | Found a transporter.
 25611 | Gauntlet | Found a transporter.
 25614 | Gauntlet | Found a transporter.
 25615 | Gauntlet | Found a transporter.
 25619 | Gauntlet | Found a runed translucent door.
 25621 | Gauntlet | Found a runed translucent door.
 25623 | Gauntlet | Found a transporter.
 25623 | Gauntlet | Noticed a quicksilver ooze
 25639 | Gauntlet | Found a large runed translucent door.
 25639 | Gauntlet | Found a large runed translucent door.
 25640 | Gauntlet | Found a large runed translucent door.
 25640 | Gauntlet | Found a large runed translucent door.
 25641 | Gauntlet | Found a large runed translucent door.
 25641 | Gauntlet | Found a large runed translucent door.
 25642 | Gauntlet | Found a runed translucent gate.
 25642 | Gauntlet | Found a runed translucent door.
 25643 | Gauntlet | Found a transporter.
 25643 | Gauntlet | Found a runed translucent gate.
 25644 | Gauntlet | Found a runed translucent gate.
 25644 | Gauntlet | Found a runed translucent door.
 25645 | Gauntlet | Found a large runed translucent door.
 25645 | Gauntlet | Found a large runed translucent door.
 25646 | Gauntlet | Found a large runed translucent door.
 25647 | Gauntlet | Found a large runed translucent door.
 25656 | Gauntlet | Found a large runed translucent door.
 25656 | Gauntlet | Found a large runed translucent door.
 25657 | Gauntlet | Found a large runed translucent door.
 25658 | Gauntlet | Found a large runed translucent door.
 25660 | Gauntlet | Found a transporter.
 25664 | Gauntlet | Found a transporter.
 25667 | Gauntlet | Found a large runed translucent door.
 25667 | Gauntlet | Found a large runed translucent door.
 25674 | Gauntlet | Found a transporter.
 25729 | Gauntlet | Found a runed translucent gate.
 25746 | Gauntlet | Found a transporter.
 25753 | Gauntlet | Noticed an entropy weaver
 25789 | Gauntlet | Identified the ring "Xiypp" {Will++ Str+3 Dex+6 SInv
                  | Stlth+}
 25806 | Gauntlet | Mangled by a death scarab

Illustrated notes

.......... .......... ...#
......... .... ......@..
.?... ## #........ .....
#.### #.....g.. ......
##....###.# ### ......#
#......#..### #§≈ .......##
##...........###≈§
........###.......###..)##≈.
......##†O.@.....# ###..)(§
.$... ####......# #.).#≈§
.... #......# ##.<.#≈. .h.
#.....<# ##....#≈≈ ..
#......###.....### .
#....#..##.......#
#...###..........# #..##
#.........## #.##
##......### ### ##..####
##.#


Turn 3766 on D:4: - damn #..# ... #.## .. #..## .. ###...#### . ###........# .
#..........# ## # #..........# ##.### # #..........# ##....### ###..........##
#......#. ..............## ##........ ####.....)@l...###.......##
#.........##.........# #.........#####......# #.........# #......# ##.......##
#.....<# # #.......# #......### #......## #....#..## #......# #...###...
##....## #..## #... #....# #.## ##.. #.... ### ##. Turn 4454 on D:4: - you gotta
be kidding me ######..........# #..## ................# #..# ########........#
#..# # #..###.### #### # ##..#### # ##)## ####### #..####.....###
##..##........# ##.#.........# #...........## ##..Y@.......# #...........#
#...........## #............# ##.........### ########### Turn 5937 on D:4: -
oops

Levels and vault maps discovered:
D:1:      dpeg_arrival_snail, layout_basic, hellmonk_ecumenical_altar_blasted,
          minmay_heptomino_h4
D:2:      cheibrodos_fertilizer, layout_loops_ring,
          chequers_serial_rivers_small_3, uniq_robin
D:3:      layout_basic, serial_corexii_hall, chequers_hall_statues_corner_a,
          corexii_hall_statues_x, kennysheep_another_room, uniq_sigmund
D:4:      layout_cave_pods, kennysheep_generic_room_11, uniq_eustachio
D:5:      layout_cave_pools, nicolae_overflow_crystal_walls,
          minmay_temple_entry_grid, minmay_lizard_king, uniq_edmund, uniq_ijyb
D:6:      layout_loops_ring, minmay_hedge_maze, minivault_5
D:7:      layout_rooms, nemelex_altar_shiori, ebering_ghost_disaster_area
D:8:      cheibrodos_barr_body, layout_cave_pools, trog_butcher_becter,
          serial_bayou, serial_bayou_shore_a, serial_bayou_ford_a,
          serial_bayou_lake_a, serial_bayou_lagoon_a,
          gammafunk_ghost_gnarly_gnolls, chequers_serial_rivers_micro_e,
          minmay_circle_x
D:9:      layout_roguey [special_room_orc], dpeg_oklobed_lair,
          kennysheep_doodads, uniq_maurice
D:10:     argonaut_augean_stables, layout_basic, mainiacjoe_overflow_swirl,
          nicolae_trove_entry_free_sample
D:11:     layout_basic, vehumet_crystals
D:12:     layout_roguey, orc_0_dummy, gammafunk_ghost_berserking_beasts
Lair:1:   layout_gridlike, grunt_megastairs_2
Lair:2:   layout_small_grid, minmay_shoals_entry_beasts, beast_lair_carwin_11
Lair:3:   layout_loops_ring, spider_nest_entry_web_field,
          gauntlet_entry_generic, patterned_corridor, grunt_megastairs_3,
          uniq_gastronok
Gauntlet: minmay_gauntlet_mixed_oops_all_seconds
          [minmay_gauntlet_arena_77_run_for_it,
          gammafunk_gauntlet_arena_corners, minmay_gauntlet_arena_77_museum,
          gammafunk_gauntlet_arena_split_diamond,
          minmay_gauntlet_arena_77_cramped,
          minmay_gauntlet_arena_make_your_own_arena, gauntlet_exit_watery]

Skill      XL: |  1  2  3  4  5  6  7  8  9 10 11 12 13 |
---------------+----------------------------------------+-----
Axes           | 3 4 5 6 9 |  9.0
Invocations    | 3 4 5 6 8 9 11 12 | 12.0
Fighting       | 5 6 8 9 12 | 12.0
Polearms       | 2 7 |  7.2
Shields        | 2 6 |  6.0
Evocations     | 6 |  6.0
Dodging        | 1 4 |  4.3
Armour         | 3 |  3.3

Action                   |  1- 3 |  4- 6 |  7- 9 | 10-12 | 13-15 || total
-------------------------+-------+-------+-------+-------+-------++-------
Melee: Hand axe          |    89 |   159 |   324 |       |       ||   572
       Tailslap          |     2 |    15 |    40 |   103 |    21 ||   181
       Spear             |       |       |    49 |   623 |   121 ||   793
       Unarmed           |       |       |       |     1 |       ||     1
Throw: Dart              |       |       |       |    76 |    23 ||    99
       Javelin           |       |       |       |     2 |       ||     2
Invok: Depart the Abyss  |     1 |       |       |       |       ||     1
       Bend Space        |       |     1 |     5 |    18 |     3 ||    27
       Banish            |       |       |     1 |     3 |       ||     4
 Abil: Rolling Charge    |    34 |    25 |    67 |   104 |    18 ||   248
       Evoke Invisibilit |       |       |       |       |     1 ||     1
Evoke: Wand              |       |       |       |    19 |     2 ||    21
  Use: Scroll            |       |     1 |     8 |     7 |     2 ||    18
       Potion            |       |       |       |     8 |     2 ||    10
 Stab: Sleeping          |       |       |       |     1 |       ||     1
       Invisible         |       |       |       |       |     1 ||     1
Armor: Leather armour    |    22 |    46 |    86 |    35 |       ||   189
       Ring mail         |       |       |       |    66 |       ||    66
       Acid dragon scale |       |       |       |    61 |       ||    61
       Troll leather arm |       |       |       |    16 |    22 ||    38
Dodge: Dodged            |    24 |    59 |   101 |   166 |    39 ||   389
Block: Buckler           |       |       |       |    26 |    14 ||    40
